 Dungeon Crawl Stone Soup version 0.20.1-1-g8b1a95d (webtiles) character file.

119443 Gargoyl the Tortoise (level 16, -2/144 HPs)
             Began as a Minotaur Abyssal Knight on Aug 28, 2017.
             Was the Champion of Lugonu.
             Slain by a tarantella (12 damage)
             ... on level 2 of the Spider Nest.
             The game lasted 01:09:49 (33442 turns).

Gargoyl the Tortoise (Minotaur Abyssal Knight)     Turns: 33442, Time: 01:09:50

Health: -2/144     AC: 33    Str: 16    XL:     16   Next: 27%
Magic:  24/24      EV: 11    Int:  9    God:    Lugonu [******]
Gold:   585        SH:  0    Dex: 20    Spells: 15/15 levels left

rFire    + . .     SeeInvis .   F - +6 hand axe (freeze)
rCold    . . .     Gourm    .   A - +4 shield
rNeg     . . .     Faith    .   U - +7 chain mail of Wariness {-Cast rF+ Regen+ Dex+4}
rPois    +         Spirit   .   K - +2 hat
rElec    .         Reflect  .   H - +0 cloak
rCorr    .         Harm     .   (no gloves)
MR       ++...     NoCast   +   v - +2 pair of boots {Fly}
Stlth    ..........             g - amulet of rage
Regen    0.8/turn               q - ring of poison resistance
MPRegen  0.2/turn               l - ring of protection from magic

@: confused, flying
A: retaliatory headbutt, horns 2, icy blue scales 1, molten scales 1, camouflage
2, agile 1, weak 2, no potion heal 1, MP-powered wands, sturdy frame 1
a: Depart the Abyss, Bend Space, Banish, Corrupt, Enter the Abyss, Brand Weapon
With Distortion, Renounce Religion, Evoke Berserk Rage, Stop Flying


You were on level 2 of the Spider Nest.
You worshipped Lugonu.
Lugonu was exalted by your worship.
You were not hungry.

You visited 4 branches of the dungeon, and saw 25 of its levels.
You visited the Abyss 1 time.

You collected 1992 gold pieces.
You spent 1407 gold pieces at shops.

Inventory:

Hand Weapons
 F - a +6 hand axe of freezing (weapon)
 O - a +0 broad axe
 Z - a +1 broad axe
Missiles
 p - 4 tomahawks of returning (quivered)
Armour
 v - a +2 pair of boots of flying (worn)
 A - a +4 shield (worn)
 H - a +0 cloak (worn)
 K - a +2 hat (worn)
 U - the +7 chain mail of Wariness (worn) {-Cast rF+ Regen+ Dex+4}
   (You bought it in a shop on level 4 of the Dungeon)

   It affects your dexterity (+4).
   It protects you from fire.
   It prevents spellcasting.
   It increases your rate of regeneration.
Jewellery
 g - an amulet of rage (around neck)
 h - an uncursed ring of flight {unknown}
 l - a ring of protection from magic (right hand)
 q - a ring of poison resistance (left hand)
 u - an uncursed ring of protection from cold
 T - a +4 ring of strength
Wands
 b - a wand of paralysis (6/24)
 e - a wand of disintegration (12/24)
 r - a wand of paralysis (9/24)
 x - a wand of lightning (0/15)
 D - a wand of scattershot (4/9)
 G - a wand of random effects (6/48)
Scrolls
 f - 5 scrolls of blinking
 n - 8 scrolls of identify
 y - 8 scrolls of remove curse
 z - 10 scrolls of teleportation
 E - 5 scrolls of fog
 R - a scroll of recharging
 V - 3 scrolls of magic mapping
Potions
 a - a potion of resistance
 j - 7 potions of curing
 k - 2 potions of cancellation
 o - a potion of invisibility
 w - 4 potions of haste
 I - 3 potions of heal wounds
 N - a potion of agility
 P - a potion of might
 Q - 2 potions of magic
Books
 d - a book of Necromancy

   Spells                             Type                      Level
   a - Pain                           Necromancy                   1
   b - Animate Skeleton               Necromancy                   1
   c - Vampiric Draining              Necromancy                   3
   d - Regeneration                   Charms/Necromancy            3
   e - Animate Dead                   Necromancy                   4
   f - Control Undead                 Necromancy                   4
Miscellaneous
 M - a lightning rod (4/4)
Comestibles
 c - 9 bread rations
 i - 17 royal jellies
 m - 2 chunks of flesh
 s - 39 fruits
 t - 11 meat rations


   Skills:
 + Level 13.3 Fighting
 + Level 15.4 Axes
 + Level 1.2 Throwing
 * Level 18.1 Armour
 + Level 4.4 Dodging
 + Level 13.9 Shields
 * Level 13.1 Invocations
 + Level 2.3 Evocations


You had 15 spell levels left.
You didn't know any spells.

Dungeon Overview and Level Annotations

Branches:
Dungeon (15/15)            Temple (0/1) D:5            Lair (6/6) D:9
  Swamp (0/4) Lair:3       Spider (2/4) Lair:2        Slime (0/5) Lair:5
    Orc (2/2) D:9             Elf (0/3) Orc:2        Vaults (0/5) D:13
 Depths (0/5) D:15

Altars:
Dithmenos
Gozag
Makhleb
Qazlal
Yredelemnul
Jiyva

Shops:
D:4 [   D:9 !   D:14 [   Orc:2 *:*(

Portals:
Hell: Lair:6

Annotations:
D:3 Toogi's ghost, amateur FoCK
D:5 2 transporters


Innate Abilities, Weirdness & Mutations

You reflexively headbutt those who attack you in melee.
You have a pair of horns on your head.
You are partially covered in icy blue scales. (AC +2)
You are partially covered in molten scales. (AC +2)
Your skin blends seamlessly with your surroundings (Stealth++).
You are agile. (Dex +2)
You are very weak. (Str -4)
Potions are less effective at restoring your health.
You expend magic power (3 MP) to strengthen your wands.
Your movements are slightly less encumbered by armour. (ER -2)


Message History

You bump into the rock wall.
The tarantella bites you!
* * * LOW HITPOINT WARNING * * *
The tarantella bites you.
* * * LOW HITPOINT WARNING * * *
You are more confused.
Unknown command.
You bump into the rock wall.
The tarantella bites you!
* * * LOW HITPOINT WARNING * * *
You miss the tarantella. The tarantella bites you.
* * * LOW HITPOINT WARNING * * *
You feel less invigorated.
You hit the tarantella. You freeze the tarantella. You headbutt the tarantella!
The tarantella is heavily wounded.
The tarantella bites you but does no damage.
You slash the tarantella! You freeze the tarantella.
The tarantella is almost dead.
The tarantella bites you!
* * * LOW HITPOINT WARNING * * *
The tarantella bites you!
You die...

#..... #..... #..
#..... #..## ##...#^
#....######....#.
#.......##..†.#..
#......##.......
######....#........
##.@#.##...#........
#...s...............
##........#.......#.
.................#...
#...........†..........
#....#...#....#........
#........#.....#....#..
#...........>...#.....#
#....#......#..........


You could see a tarantella.

Vanquished Creatures
  Arachne (Spider:1)
  Louise (D:15)
  An entropy weaver (Spider:1)
  2 dire elephants (Lair:6)
  Snorg (Lair:3)
  Josephine (Lair:5)
  A catoblepas (Lair:6)
  A vault guard (D:13)
  5 centaur warriors
  9 two-headed ogres
  A death knight (D:14)
  Erica (Lair:1)
  A queen ant (D:8)
  5 death yaks
  Sonja (D:15)
  2 skeletal warriors (D:14)
  The ghost of stultus the Fighter, a novice DsBe of Trog (D:7)
  The ghost of raetorn the Spear-Bearer, a novice CeCK of Xom (D:8)
  A sixfirhy (Lair:6)
  2 unseen horrors
  2 wizards
  An obsidian statue (D:11)
  A phantasmal warrior (D:14)
  Pikel (D:8)
  3 necromancers (D:13)
  7 orb spiders
  2 orc knights
  11 ugly things (D:15)
  A faun (Lair:2)
  6 cyclopes
  10 wolf spiders
  A deep elf mage (D:13)
  5 elephants (Lair:3)
  6 black mambas
  2 orange demons (Lair:6)
  Psyche (D:10)
  A gargoyle (D:15)
  8 spiny frogs
  6 komodo dragons
  2 kobold demonologists (D:13)
  A yaktaur (D:13)
  3 rime drakes
  A tengu conjurer (D:15)
  An efreet (D:15)
  2 demonic crawlers (Spider:1)
  3 ice devils (Lair:6)
  A harpy zombie (D:15)
  19 jumping spiders
  3 meliai (D:15)
  A red devil (Lair:6)
  8 trolls
  3 polar bears
  5 hornets
  A harpy skeleton (D:15)
  A dream sheep (Lair:6)
  24 blink frogs
  6 hippogriffs
  37 redbacks
  3 shadows
  13 tarantellas
  7 wraiths
  A tarantella (shapeshifter) (D:13)
  4 wyverns
  A water elemental (D:15)
  Eustachio (D:5)
  18 humans (D:13)
  34 yaks
  Grum (D:11)
  4 vampire mosquitoes
  3 wargs (Orc:1)
  4 acid dragons
  10 soldier ants
  6 hell hounds
  9 porcupines
  Duvessa (D:7)
  14 water moccasins
  6 ice beasts
  5 sky beasts
  2 phantoms
  33 orc warriors
  14 ogres
  A black bear (Lair:1)
  A necrophage (D:8)
  2 eyes of draining (D:14)
  40 wolves
  19 centaurs
  3 big kobolds
  17 crocodiles
  19 bullfrogs
  A gnoll sergeant (D:7)
  Dowan (D:7)
  8 scorpions
  2 wyvern skeletons
  4 killer bees
  13 wights
  6 electric eels
  5 howler monkeys
  13 crimson imps
  2 centaur zombies
  7 hounds
  5 jellies
  3 centaur skeletons
  12 orc priests
  12 orc wizards
  2 bullfrog skeletons
  Ijyb (D:3)
  2 iguanas
  31 worker ants
  A killer bee zombie (D:9)
  A hound zombie (D:9)
  A hound skeleton (D:5)
  A howler monkey zombie (D:7)
  A worker ant zombie (D:5)
  11 adders
  3 gnolls (D:7)
  12 white imps (Lair:6)
  3 oozes
  An adder zombie (D:5)
  A worm (D:2)
  3 dart slugs
  7 leopard geckos
  66 orcs
  4 ball pythons
  3 giant cockroaches
  5 goblins
  6 hobgoblins
  7 jackals (D:1)
  10 kobolds
  7 quokkas
  12 bats
  3 frilled lizards
  A quokka zombie (D:5)
  7 rats
  A fungus (Lair:6)
  A plant (Lair:2)
841 creatures vanquished.

Vanquished Creatures (others)
  An entropy weaver (Spider:2)
  10 hydras
  An unseen horror (D:11)
  2 oklob plants (Lair:2)
  A smoke demon (Lair:6)
  2 jumping spiders
  4 slaves (D:8)
  A killer bee (D:8)
  3 electric eels (Lair:3)
  A worker ant (D:11)
  An orc (Orc:2)
  3 fungi
  3 plants
33 creatures vanquished.

Grand Total: 874 creatures vanquished

Notes
Turn   | Place    | Note
-------+----------+-------------------------------------------
     0 | Abyss:1  | Gargoyl the Minotaur Abyssal Knight began the quest for the Orb.
     0 | Abyss:1  | Reached XP level 1. HP: 19/19 MP: 1/1
    69 | Abyss:1  | Noticed a large abomination
   292 | Abyss:3  | Noticed a flayed ghost
   293 | D:1      | Escaped the Abyss
   311 | D:1      | Reached XP level 2. HP: 20/27 MP: 2/2
   422 | D:1      | Reached * piety under Lugonu
   477 | D:1      | Reached XP level 3. HP: 33/33 MP: 3/3
   511 | D:1      | Reached skill level 3 in Armour
   874 | D:2      | Found a faded altar of an unknown god.
   999 | D:2      | Reached ** piety under Lugonu
  1161 | D:3      | Reached XP level 4. HP: 40/40 MP: 4/4
  1226 | D:3      | Noticed Ijyb
  1233 | D:3      | Paralysed by Ijyb for 5 turns
  1248 | D:3      | Killed Ijyb
  1627 | D:3      | Noticed a bullfrog
  1629 | D:3      | Reached XP level 5. HP: 46/46 MP: 5/5
  1639 | D:3      | Reached skill level 5 in Axes
  1639 | D:3      | Reached skill level 4 in Armour
  1710 | D:3      | Noticed Toogi's ghost (amateur FoCK)
  2031 | D:3      | Noticed an ogre
  2035 | D:3      | Killed an ogre
  2035 | D:3      | Reached XP level 6. HP: 31/53 MP: 7/7
  2597 | D:4      | Found Pimm's Armour Shop.
  2650 | D:4      | You fall through a shaft!
  2650 | D:5      | Entered Level 5 of the Dungeon
  2662 | D:5      | Reached skill level 5 in Armour
  2893 | D:5      | Noticed a kobold demonologist
  2908 | D:5      | Found a transporter.
  2956 | D:5      | Reached XP level 7. HP: 53/60 MP: 8/8
  2965 | D:5      | Found a transporter.
  3450 | D:5      | Found a stormy altar of Qazlal.
  3599 | D:5      | Noticed Eustachio
  3612 | D:5      | Killed Eustachio
  3612 | D:5      | Reached skill level 5 in Fighting
  3613 | D:5      | Found a staircase to the Ecumenical Temple.
  3851 | D:6      | Reached skill level 6 in Armour
  4157 | D:6      | Reached *** piety under Lugonu
  4259 | D:6      | Reached XP level 8. HP: 41/69 MP: 10/10
  4582 | D:7      | Noticed Dowan
  4584 | D:7      | Noticed Duvessa
  4591 | D:7      | Killed Dowan
  4597 | D:7      | Killed Duvessa
  4889 | D:7      | Noticed stultus's ghost (novice DsBe)
  4920 | D:7      | Killed stultus's ghost
  4920 | D:7      | Reached skill level 7 in Armour
  4920 | D:7      | Reached skill level 5 in Invocations
  4920 | D:7      | Reached skill level 1 in Evocations
  5148 | D:7      | Noticed a hippogriff
  5166 | D:7      | Killed a hippogriff
  5166 | D:7      | Reached skill level 8 in Armour
  5166 | D:7      | Reached XP level 9. HP: 48/78 MP: 11/11
  5941 | D:7      | Gained mutation: You are dopey. (Int -2) [mutagenic meat]
  5942 | D:7      | Gained mutation: You are frail. (-10% HP) [mutagenic meat]
  5943 | D:7      | Gained mutation: You have a pair of large horns on your head. [mutagenic meat]
  5944 | D:7      | Gained mutation: Your skin changes colour to match your surroundings (Stealth+). [mutagenic meat]
  5945 | D:7      | Lost mutation: You have a pair of large horns on your head. [mutagenic meat]
  5946 | D:7      | Gained mutation: You can translocate small distances at will. [mutagenic meat]
  6239 | D:8      | Reached skill level 9 in Armour
  6252 | D:8      | Noticed a two-headed ogre
  6260 | D:8      | Killed a two-headed ogre
  6526 | D:8      | Found a basalt altar of Yredelemnul.
  6536 | D:8      | Noticed Pikel
  6565 | D:8      | Killed Pikel
  6565 | D:8      | Reached skill level 10 in Axes
  6565 | D:8      | Reached skill level 10 in Armour
  6600 | D:8      | Reached XP level 10. HP: 25/77 MP: 13/13
  6934 | D:8      | Reached skill level 1 in Shields
  6999 | D:8      | Reached **** piety under Lugonu
  7330 | D:8      | Reached skill level 11 in Armour
  7964 | D:8      | Gained mutation: Your muscles are strong. (Str +2) [mutagenic meat]
  7965 | D:8      | Lost mutation: You are dopey. (Int -2) [mutagenic meat]
  8332 | D:8      | Noticed raetorn's ghost (novice CeCK)
  8591 | D:8      | Killed raetorn's ghost
  8834 | D:8      | Noticed a queen ant
  8861 | D:8      | Killed a queen ant
  8861 | D:8      | Reached skill level 12 in Armour
  9327 | D:8      | Reached XP level 11. HP: 52/84 MP: 15/15
  9775 | D:9      | Found a staircase to the Orcish Mines.
  9881 | D:9      | Found a staircase to the Lair.
  9884 | D:10     | Entered Level 10 of the Dungeon
  9897 | D:10     | Gained mutation: You are resistant to electric shocks. (rElec) [mutagenic meat]
  9898 | D:10     | Gained mutation: You possess an exceptional clarity of mind. [mutagenic meat]
 10027 | D:9      | Noticed a two-headed ogre
 10284 | D:9      | Killed a two-headed ogre
 10284 | D:9      | Reached ***** piety under Lugonu
 10729 | D:9      | Found Liothill's Distillery.
 10765 | D:9      | Identified a scroll of acquirement
 10789 | D:9      | Bought a potion of heal wounds for 70 gold pieces
 10789 | D:9      | Bought a potion of heal wounds for 70 gold pieces
 10832 | D:9      | Found a shadowy altar of Dithmenos.
 10955 | Lair:1   | Entered Level 1 of the Lair of Beasts
 11550 | Lair:1   | Noticed an eight-headed hydra
 11552 | Lair:1   | Banished an eight-headed hydra
 11558 | Lair:1   | Noticed Erica
 11571 | Lair:1   | Killed Erica
 11651 | Lair:1   | Reached skill level 13 in Armour
 11687 | Lair:1   | Lost mutation: You are frail. (-10% HP) [potion of mutation]
 11687 | Lair:1   | Lost mutation: You are resistant to electric shocks. (rElec) [potion of mutation]
 11687 | Lair:1   | Lost mutation: You possess an exceptional clarity of mind. [potion of mutation]
 11687 | Lair:1   | Lost mutation: Your muscles are strong. (Str +2) [potion of mutation]
 11687 | Lair:1   | Gained mutation: You are resistant to hostile enchantments. (MR+) [potion of mutation]
 11687 | Lair:1   | Gained mutation: Your mind is acute. (Int +2) [potion of mutation]
 11687 | Lair:1   | Gained mutation: You are partially covered in icy blue scales. (AC +2) [potion of mutation]
 12010 | Lair:2   | Reached skill level 5 in Shields
 12331 | Lair:2   | Reached XP level 12. HP: 92/104 MP: 17/17
 12340 | Lair:2   | Found a hole to the Spider Nest.
 12550 | Lair:2   | Lost mutation: You are resistant to hostile enchantments. (MR+) [potion of mutation]
 12550 | Lair:2   | Lost mutation: You can translocate small distances at will. [potion of mutation]
 12550 | Lair:2   | Lost mutation: Your mind is acute. (Int +2) [potion of mutation]
 12550 | Lair:2   | Gained mutation: You are partially covered in yellow scales. (AC +2) [potion of mutation]
 12550 | Lair:2   | Gained mutation: You have sharp toenails. [potion of mutation]
 13412 | Lair:3   | Noticed Snorg
 13462 | Lair:3   | Killed Snorg
 13462 | Lair:3   | Reached skill level 14 in Armour
 14159 | Lair:3   | Found a staircase to the Swamp.
 15429 | Lair:4   | Noticed a seven-headed hydra
 15434 | Lair:4   | Banished a seven-headed hydra
 15520 | Lair:4   | Noticed a seven-headed hydra
 15524 | Lair:4   | Banished an eight-headed hydra
 15787 | Lair:4   | Lost mutation: You are partially covered in yellow scales. (AC +2) [potion of mutation]
 15787 | Lair:4   | Lost mutation: You have sharp toenails. [potion of mutation]
 15787 | Lair:4   | Gained mutation: Scrolls take you a little longer to read. [potion of mutation]
 15787 | Lair:4   | Gained mutation: You possess an exceptional clarity of mind. [potion of mutation]
 15787 | Lair:4   | Gained mutation: Your skin blends seamlessly with your surroundings (Stealth++). [potion of mutation]
 16393 | Lair:4   | Noticed an eight-headed hydra
 16455 | Lair:5   | Reached XP level 13. HP: 93/113 MP: 19/19
 16674 | Lair:5   | Reached skill level 15 in Armour
 16718 | Lair:5   | Noticed Josephine
 16733 | Lair:5   | Killed Josephine
 16733 | Lair:5   | Reached skill level 10 in Invocations
 17467 | Lair:5   | Reached skill level 10 in Fighting
 17670 | Lair:5   | Found a viscous altar of Jiyva.
 17670 | Lair:5   | Found a staircase to the Slime Pits.
 17695 | Lair:6   | Entered Level 6 of the Lair of Beasts
 18039 | Lair:6   | Noticed a dire elephant
 18067 | Lair:6   | Killed a dire elephant
 18386 | Lair:6   | Lost mutation: Scrolls take you a little longer to read. [potion of mutation]
 18386 | Lair:6   | Lost mutation: You possess an exceptional clarity of mind. [potion of mutation]
 18386 | Lair:6   | Gained mutation: You are dopey. (Int -2) [potion of mutation]
 18386 | Lair:6   | Gained mutation: You evolve. [potion of mutation]
 18661 | Lair:6   | Reached ****** piety under Lugonu
 18833 | Lair:6   | Noticed a dire elephant
 18854 | Lair:6   | Killed a dire elephant
 19142 | Lair:6   | Found a burning altar of Makhleb.
 19238 | Lair:6   | Gained mutation: You are partially covered in yellow scales. (AC +2) [evolution]
 19754 | Lair:6   | Reached skill level 16 in Armour
 19852 | Lair:6   | Reached XP level 14. HP: 28/122 MP: 16/21
 20248 | Lair:6   | Found a gateway to Hell.
 21389 | D:10     | Reached skill level 10 in Shields
 21686 | D:10     | Noticed Psyche
 21844 | D:10     | Killed Psyche
 22353 | D:11     | Noticed Grum
 22372 | D:11     | Killed Grum
 22465 | D:11     | Gained mutation: You are frail. (-10% HP) [a neqoxec]
 22473 | D:11     | Gained mutation: You are weak. (Str -2) [a neqoxec]
 22997 | D:11     | Lost mutation: You are partially covered in yellow scales. (AC +2) [mutagenic meat]
 22998 | D:11     | Gained mutation: You are partially covered in molten scales. (AC +2) [mutagenic meat]
 23000 | D:11     | Lost mutation: You are frail. (-10% HP) [mutagenic meat]
 24413 | D:4      | Bought the +7 chain mail of Wariness {-Cast rF+ Regen+ Dex+4} for 713 gold pieces
 24909 | D:13     | Gained mutation: You expend magic power (3 MP) to strengthen your wands. [mutagenic meat]
 25323 | D:13     | Found a gate to the Vaults.
 26238 | D:14     | Reached XP level 15. HP: 132/132 MP: 6/23
 26526 | D:14     | Gained mutation: Your movements are slightly less encumbered by armour. (ER -2) [evolution]
 26641 | D:14     | Found an opulent altar of Gozag.
 26917 | D:14     | Found Adwogh's Antique Armour Boutique.
 26969 | D:15     | Entered Level 15 of the Dungeon
 27091 | D:15     | Reached skill level 17 in Armour
 27496 | D:15     | Noticed Sonja
 27500 | D:15     | Found a staircase to the Depths.
 27500 | D:15     | Noticed a fire giant
 27557 | D:15     | Killed Sonja
 27557 | D:15     | Reached skill level 15 in Axes
 27671 | D:15     | Noticed Louise
 27683 | D:15     | Banished a fire giant
 27932 | D:15     | Killed Louise
 28336 | D:15     | Lost mutation: You evolve. [mutagenic meat]
 28345 | D:15     | Lost mutation: You are dopey. (Int -2) [mutagenic meat]
 28346 | D:15     | Gained mutation: You are very weak. (Str -4) [mutagenic meat]
 28347 | D:15     | Gained mutation: Potions are less effective at restoring your health. [mutagenic meat]
 28348 | D:15     | Gained mutation: You are agile. (Dex +2) [mutagenic meat]
 29006 | Orc:1    | Entered Level 1 of the Orcish Mines
 29744 | Orc:2    | Entered Level 2 of the Orcish Mines
 30031 | Orc:2    | Found a staircase to the Elven Halls.
 30574 | Orc:2    | Found Nytuikage's Assorted Antiques.
 30574 | Orc:2    | Found Dadugief's Book Shoppe.
 30576 | Orc:2    | Found Orakhaim's General Store.
 30578 | Orc:2    | Found Xuylesos's Antique Weapon Shop.
 30624 | Orc:2    | Bought a potion of heal wounds for 110 gold pieces
 30624 | Orc:2    | Bought a potion of heal wounds for 110 gold pieces
 30624 | Orc:2    | Bought a potion of heal wounds for 110 gold pieces
 30624 | Orc:2    | Bought a scroll labeled YNGUKKYUMU for 22 gold pieces
 30718 | Orc:2    | Bought a scroll of enchant armour for 112 gold pieces
 30718 | Orc:2    | Bought a potion of curing for 45 gold pieces
 30728 | Orc:2    | Bought a scroll of teleportation for 45 gold pieces
 30947 | Spider:1 | Entered Level 1 of the Spider Nest
 32255 | Spider:1 | Reached XP level 16. HP: 143/143 MP: 24/24
 32881 | Spider:2 | Noticed Arachne
 32971 | Spider:1 | Killed Arachne
 32971 | Spider:1 | Reached skill level 1 in Throwing
 32971 | Spider:1 | Reached skill level 18 in Armour
 33442 | Spider:2 | Slain by a tarantella

Skill      XL: |  1  2  3  4  5  6  7  8  9 10 11 12 13 14 15 16 |
---------------+-------------------------------------------------+-----
Invocations    | 2 3 4 5 6 7 8 9 10 12 13 | 13.1
Axes           | 3 4 5 7 9 10 11 12 13 14 15 | 15.4
Fighting       | 4 5 6 7 9 10 12 13 | 13.3
Armour         | 3 4 5 6 8 10 12 13 14 16 17 18 | 18.1
Evocations     | 1 2 |  2.3
Shields        | 2 5 7 9 11 13 | 13.9
Dodging        | 2 4 |  4.4
Throwing       | 1 |  1.2

Action                   |  1- 3 |  4- 6 |  7- 9 | 10-12 | 13-15 | 16-18 || total
-------------------------+-------+-------+-------+-------+-------+-------++-------
Melee: Hand axe          |    47 |       |       |   609 |  1990 |   228 ||  2874
       Headbutt          |    11 |    21 |    35 |   165 |   516 |    71 ||   819
       War axe           |    20 |    99 |   252 |   308 |       |       ||   679
Throw: Tomahawk          |       |       |     1 |     4 |     1 |     3 ||     9
Invok: Depart the Abyss  |     1 |       |       |       |       |       ||     1
       Banish            |       |       |       |     8 |    17 |     3 ||    28
 Abil: Evoke Berserk Rag |       |       |     1 |     1 |     2 |       ||     4
Evoke: Wand              |       |     3 |     5 |       |     4 |       ||    12
  Use: Scroll            |     4 |     4 |    12 |    10 |    19 |     1 ||    50
       Potion            |       |     5 |     1 |     8 |     9 |     4 ||    27
 Stab: Paralysed         |       |       |     8 |       |       |       ||     8
       Invisible         |       |       |       |     6 |       |       ||     6
       Petrified         |       |       |       |       |     3 |       ||     3
       Petrifying        |       |       |       |       |     1 |       ||     1
  Eat: Chunk             |     1 |     5 |    17 |    35 |    61 |     4 ||   123
       Fruit             |       |       |     2 |       |       |       ||     2
       Bread ration      |       |       |       |     2 |     3 |       ||     5
Armor: Plate armour      |    80 |   108 |   166 |   559 |   508 |       ||  1421
       Chain mail        |       |       |       |       |   721 |   138 ||   859
Dodge: Dodged            |    58 |    62 |    62 |   175 |   474 |    97 ||   928
Block: Shield            |       |       |    12 |   405 |  1441 |   221 ||  2079
